 Dungeon Crawl Stone Soup version 0.29.1-15-g9cfb28693d (webtiles) character file.

Game seed: 16125082974387316157

17805 Eitelfritz the Carver (level 12, 0/111 HPs)
             Began as a Minotaur Gladiator on Apr 28, 2023.
             Was a Follower of Wu Jian.
             Slain by a purple ugly thing (16 damage)
             ... on level 14 of the Dungeon.
             The game lasted 00:22:06 (13571 turns).

Eitelfritz the Carver (Minotaur Gladiator)         Turns: 13571, Time: 00:22:07

Health: 0/111      AC: 15    Str: 21    XL:     12   Next: 22%
Magic:  11/11      EV: 19    Int:  7    God:    Wu Jian [*.....]
Gold:   1020       SH:  0    Dex: 13    Spells: 11/11 levels left

rFire   . . .      SeeInvis .   a - +3 long sword (venom)
rCold   . . .      Faith    .   (no shield)
rNeg    . . .      Spirit   .   F - +5 ring mail "Gexkuaps" {rPois}
rPois   +          Reflect  .   c - +0 hat
rElec   .          Harm     .   D - +0 cloak
rCorr   .          Rampage  .   (no gloves)
Will    .....                   q - +0 pair of boots
Stlth   ++........              (no amulet)
HPRegen 0.28/turn               m - +4 ring of evasion
MPRegen 0.12/turn               j - +4 ring of slaying

@: no status effects
A: horns 2, retaliatory headbutt
a: Renounce Religion


You were on level 14 of the Dungeon.
You worshipped Wu Jian.
Wu Jian was aware of your devotion.
You visited 2 branches of the dungeon, and saw 15 of its levels.
You also visited: Ossuary.

You collected 1020 gold pieces.

Inventory:

Hand Weapons
 a - a +3 long sword of venom (weapon)
 b - a +0 shortbow
 n - a +4 flail of venom
 J - a +0 scimitar of electrocution
Missiles
 d - 4 throwing nets (quivered)
 e - a javelin
 x - 13 poisoned darts
 L - 4 curare-tipped darts
Armour
 c - a +0 hat (worn)
 i - a +1 cloak of preservation
 q - a +0 pair of boots (worn)
 D - a +0 cloak (worn)
 F - the +5 ring mail "Gexkuaps" (worn) {rPois}
   (You found it on level 8 of the Dungeon)

   rPois:     It protects you from poison.
Jewellery
 j - a +4 ring of slaying (right hand)
 m - a +4 ring of evasion (left hand)
 p - a ring of fire
 r - a ring of protection from cold
 C - a ring of resist corrosion
 H - a +6 ring of strength
Wands
 u - a wand of quicksilver (10)
 B - a wand of mindburst (31)
 E - a wand of flame (11)
 M - a wand of charming (7)
Scrolls
 k - 2 scrolls of blinking
 o - 2 scrolls of vulnerability
 w - a scroll of teleportation
 y - 4 scrolls of magic mapping
 z - a scroll of immolation
 K - 2 scrolls of fog
 O - a scroll of identify
Potions
 f - 4 potions of attraction
 g - 3 potions of brilliance
 h - 7 potions of curing
 l - a potion of mutation
 s - 3 potions of lignification
 t - 2 potions of might
 v - a potion of invisibility {unknown}
 A - a potion of resistance {unknown}
 G - a potion of heal wounds
 I - a potion of flight {unknown}
 N - a potion of degeneration {unknown}


   Skills:
 + Level 11.7 Fighting
 + Level 14.8 Long Blades
 + Level 2.2 Maces & Flails
 + Level 2.3 Ranged Weapons
 + Level 2.2 Throwing
 + Level 9.6 Armour
 + Level 9.2 Dodging
 + Level 5.1 Stealth


You had 11 spell levels left.
You didn't know any spells.
Your spell library contained the following spells:

 Spells                   Type           Power      Damage    Failure   Level
 Foxfire                  Conj/Fire      0%         2x1d4     56%         1
 Poisonous Vapours        Pois/Air       0%         N/A       71%         2
 Static Discharge         Conj/Air       0%         3-3/arc   71%         2
 Call Canine Familiar     Summ           0%         N/A       91%         3
 Conjure Flame            Conj/Fire      0%         6-21      91%         3
 Ignite Poison            Fire/Tmut/Pois 0%         N/A       91%         3
 Inner Flame              Hex/Fire       0%         N/A       91%         3
 Portal Projectile        Hex/Tloc       0%         N/A       91%         3
 Corpse Rot               Necr/Pois/Air  0%         N/A       100%        4
 Flame Wave               Conj/Fire      0%         2d4       100%        4
 Leda's Liquefaction      Hex/Erth       0%         N/A       100%        4
 Passage of Golubria      Tloc           0%         N/A       100%        4
 Sticky Flame             Conj/Fire      0%         2d3       100%        4
 Lightning Bolt           Conj/Air       0%         1d11      100%        5
 Silence                  Hex/Air        0%         N/A       100%        5
 Lehudib's Crystal Spear  Conj/Erth      0%         10d2      100%        8
 Maxwell's Capacitive Co  Air            0%         ∞         100%        8


Dungeon Overview and Level Annotations

Branches:
Dungeon (15/15)            Temple (1/1) D:5            Lair (0/5) D:9
Ossuary (visited)
    Orc: D:9-12      Vaults: D:13-14     Depths: D:15

Altars:
Ashenzari
Cheibriados
Dithmenos
Elyvilon
Fedhas
Gozag
Hepliaklqana
Kikubaaqudgha
Makhleb
Nemelex Xobeh
Okawaru
Qazlal
Ru
Sif Muna
Trog
Uskayaw
Vehumet
Wu Jian
Xom
Yredelemnul
Zin
The Shining One

Shops:
D:8 !

Portals:
Gauntlet: D:15


Innate Abilities, Weirdness & Mutations

You have a pair of horns on your head.
You reflexively headbutt those who attack you in melee.


Message History

You kill the white ugly thing!
The Council accepts your kill.
You can now lightly attack monsters by moving around them.
Unknown command.
You hit the human but do no damage.
The human is poisoned.
You headbutt the human.
The human is heavily wounded.
The white ugly thing trunk-slaps you but does no damage.
The purple ugly thing basks in the mutagenic energy from its kin and changes!
Unknown command.
You hit the white ugly thing but do no damage.
You headbutt the white ugly thing.
The white ugly thing is lightly wounded.
The white ugly thing trunk-slaps you but does no damage.
Unknown command.
You slash the white ugly thing!
The white ugly thing is poisoned.
You headbutt the white ugly thing!
The white ugly thing is heavily wounded.
The white ugly thing completely misses you.
Unknown command.
You barely miss the white ugly thing.
The white ugly thing is heavily wounded.
The white ugly thing bites you but does no damage.
The white ugly thing pecks you but does no damage.
Unknown command.
You closely miss the white ugly thing. You headbutt the white ugly thing!
The white ugly thing is severely wounded.
The white ugly thing barely misses you. You furiously retaliate!
You headbutt the white ugly thing.
Unknown command.
You slice the purple ugly thing!!
The purple ugly thing looks as sick as possible!
You headbutt the purple ugly thing, but do no damage.
The purple ugly thing is moderately wounded.
The white ugly thing pecks you but does no damage.
The white ugly thing bites you. The white ugly thing freezes you!!
The white ugly thing trunk-slaps you! The white ugly thing freezes you!!
* * * LOW HITPOINT WARNING * * *
The purple ugly thing trunk-slaps you!
You die...

.........................
............u#...........
..........u.uC...C.......
#.##'''########..###....
#...††#...?[#..###....
#....C'....$#.u###....
#..⌠.pppp⌠..#.uu......
#/..uuupp...#.....$...
#$(.u@# #.........
####### #.........
#......... #.........
#......... #.........
#......... #.........


You could see 4 ugly things, a cyclops and 6 humans.

Vanquished Creatures
  Erolcha (D:9)
  2 hydras
  8 two-headed ogres
  Sonja (D:11)
  An ugly thing (D:14)
  An unseen horror (D:10)
  2 kobold demonologists
  Prince Ribbit (D:8)
  A troll (D:11)
  2 hornets
  Grinder (D:6)
  Sigmund (D:4)
  4 wyverns (D:9)
  17 yaks
  3 humans (D:14)
  Edmund (D:4)
  An acid dragon (D:10)
  5 water moccasins
  5 orc warriors
  2 ice beasts
  2 sky beasts
  A black bear (D:4)
  3 centaurs
  2 phantoms
  An elf zombie (Ossuary)
  3 kobold brigands
  A gnoll sergeant (D:7)
  11 bullfrogs
  5 scorpions
  5 wights
  4 howler monkeys
  2 centaur zombies (Ossuary)
  3 jellies
  Crazy Yiuf (D:3)
  7 orc priests
  3 gnoll boudas
  2 hounds
  5 iguanas
  11 orc wizards
  2 mummies (Ossuary)
  Robin (D:4)
  21 gnolls
  6 adders
  3 white imps
  A worm (D:2)
  3 dart slugs
  25 orcs
  10 bats
  5 endoplasms
  6 giant cockroaches
  3 gnoll zombies (Ossuary)
  12 goblins
  12 hobgoblins
  16 kobolds
  2 quokkas
  13 ball pythons
  2 frilled lizards
  3 goblin zombies (Ossuary)
  2 hobgoblin zombies (Ossuary)
  3 orc zombies (Ossuary)
  7 rats
290 creatures vanquished.

Vanquished Creatures (others)
  3 fungi (D:9)
  13 plants (D:9)
16 creatures vanquished.

Grand Total: 306 creatures vanquished

Notes
Turn   | Place    | Note
-------+----------+-------------------------------------------
     0 | D:1      | Eitelfritz the Minotaur Gladiator began the quest for the
                  | Orb.
     0 | D:1      | Reached XP level 1. HP: 18/18 MP: 0/0
   210 | D:1      | Reached XP level 2. HP: 21/25 MP: 1/1
   430 | D:1      | Reached skill level 4 in Long Blades
   767 | D:1      | Reached XP level 3. HP: 30/30 MP: 2/2
   898 | D:2      | Found a faded altar of an unknown god.
  2005 | D:3      | Reached skill level 1 in Armour
  2005 | D:3      | Reached XP level 4. HP: 37/37 MP: 3/3
  2276 | D:3      | Found a runed translucent door.
  2277 | D:3      | Noticed Crazy Yiuf
  2483 | D:3      | Identified the +0 robe "Eraithaq" {rF+ rC++ Int+7}
  2983 | D:3      | Killed Crazy Yiuf
  2984 | D:3      | Reached skill level 5 in Long Blades
  3264 | D:4      | Reached XP level 5. HP: 41/45 MP: 4/4
  3441 | D:4      | Noticed Robin
  3445 | D:4      | Noticed Edmund
  3447 | D:4      | Reached skill level 1 in Stealth
  3457 | D:4      | Killed Edmund
  3458 | D:4      | Reached skill level 6 in Long Blades
  3458 | D:4      | Reached XP level 6. HP: 17/51 MP: 5/5
  3466 | D:4      | Killed Robin
  3939 | D:4      | Noticed Sigmund
  3944 | D:4      | Killed Sigmund
  3945 | D:4      | Reached skill level 7 in Long Blades
  3945 | D:4      | Reached XP level 7. HP: 36/59 MP: 6/6
  4923 | D:5      | Entered Level 5 of the Dungeon
  4939 | D:5      | Found a bloodstained altar of Trog.
  5083 | D:5      | Reached skill level 8 in Long Blades
  5083 | D:5      | Reached skill level 5 in Dodging
  5253 | D:5      | Reached skill level 5 in Fighting
  5253 | D:5      | Reached XP level 8. HP: 43/68 MP: 7/7
  5387 | D:5      | Found a sacrificial altar of Ru.
  5522 | D:5      | Found a staircase to the Ecumenical Temple.
  5671 | Temple   | Entered the Ecumenical Temple
  6114 | D:6      | Reached skill level 9 in Long Blades
  6373 | D:6      | Noticed Grinder
  6377 | D:6      | Paralysed by Grinder for 4 turns
  6393 | D:6      | Killed Grinder
  6704 | D:6      | Reached skill level 1 in Ranged Weapons
  6704 | D:6      | Reached XP level 9. HP: 74/75 MP: 8/8
  6868 | D:6      | Reached skill level 10 in Long Blades
  6868 | D:6      | Reached skill level 5 in Armour
  7205 | D:7      | Found a sand-covered staircase.
  7209 | Ossuary  | Entered an ossuary
  7400 | D:7      | Found a hide-covered altar of Uskayaw.
  7815 | D:7      | Reached skill level 11 in Long Blades
  8056 | D:7      | Found a shadowy altar of Dithmenos.
  8196 | D:8      | Noticed Prince Ribbit
  8204 | D:8      | Killed Prince Ribbit
  8427 | D:8      | Found Jenyd's Distillery.
  8549 | D:8      | Identified the +5 ring mail "Gexkuaps" {rPois}
  8810 | D:7      | Reached XP level 10. HP: 41/84 MP: 9/9
  9265 | D:8      | Reached skill level 12 in Long Blades
  9420 | D:9      | Found a staircase to the Lair.
  9443 | D:9      | Noticed a two-headed ogre
  9459 | D:9      | HP: 3/90 [two-headed ogre/+0 giant spiked club (8)]
  9465 | D:9      | Killed a two-headed ogre
  9466 | D:9      | Reached skill level 13 in Long Blades
  9877 | D:9      | Noticed Erolcha
  9889 | D:9      | Killed Erolcha
 10084 | D:9      | Reached XP level 11. HP: 86/97 MP: 10/10
 10550 | D:10     | Entered Level 10 of the Dungeon
 10833 | D:10     | Noticed a two-headed ogre
 10841 | D:10     | Killed a two-headed ogre
 10842 | D:10     | Reached skill level 10 in Fighting
 10958 | D:10     | Reached skill level 14 in Long Blades
 11035 | D:10     | Noticed a two-headed ogre
 11043 | D:10     | Killed a two-headed ogre
 11306 | D:10     | Noticed a five-headed hydra
 12019 | D:10     | Killed a five-headed hydra
 12311 | D:10     | Noticed a two-headed ogre
 12321 | D:10     | Killed a two-headed ogre
 12445 | D:10     | Found a hazy altar of Hepliaklqana.
 12447 | D:10     | Found an iron altar of Okawaru.
 12449 | D:10     | Found a stormy altar of Qazlal.
 12451 | D:10     | Found an ornate altar of the Wu Jian Council.
 12451 | D:10     | Found a basalt altar of Yredelemnul.
 12467 | D:10     | Became a worshipper of the Wu Jian Council
 12677 | D:11     | Noticed a two-headed ogre
 12682 | D:11     | Killed a two-headed ogre
 12683 | D:11     | Reached skill level 1 in Maces & Flails
 12816 | D:11     | Noticed a two-headed ogre
 12821 | D:11     | Killed a two-headed ogre
 12921 | D:11     | Noticed a two-headed ogre
 12930 | D:11     | Killed a two-headed ogre
 13010 | D:11     | Noticed Sonja
 13016 | D:11     | Killed Sonja
 13017 | D:11     | Reached XP level 12. HP: 110/110 MP: 11/11
 13085 | D:11     | Noticed a two-headed ogre
 13092 | D:11     | Killed a two-headed ogre
 13093 | D:11     | Reached skill level 5 in Stealth
 13312 | D:12     | Noticed a six-headed hydra
 13317 | D:12     | Killed a six-headed hydra
 13519 | D:12     | You fall into a shaft and drop 3 floors!
 13519 | D:15     | Entered Level 15 of the Dungeon
 13519 | D:15     | Found a gate leading to a gauntlet.
 13565 | D:14     | Reached * piety under Wu Jian
 13571 | D:14     | Slain by a purple ugly thing

Illustrated notes

Levels and vault maps discovered:
D:1:      lemuel_arrival_muddy, layout_rooms
D:2:      layout_loops_corners, hellmonk_ecumenical_altar_prayer_group,
          st_stairs_13
D:3:      layout_basic, uniq_crazy_yiuf_cottage
D:4:      layout_basic, minivault_11, hangedman_decor_slide_cut, minivault_19,
          uniq_robin, uniq_sigmund, uniq_edmund
D:5:      layout_rooms, nicolae_ru_great_annihilating_truth,
          lightli_temple_of_fire, minmay_temple_entry_junction
D:6:      layout_gridville, minmay_strange_pillars, st_stairs_1, uniq_grinder
D:7:      layout_gridville, grunt_dithmenos_shadows,
          mainiacjoe_overflow_catwalk, enter_ossuary_5
D:8:      layout_basic, serial_rivers, chequers_serial_rivers_micro_a,
          chequers_serial_rivers_small_3, chequers_serial_rivers_micro_e,
          chequers_serial_rivers_marsh, chequers_serial_rivers_large_a,
          serial_shops, shop, uniq_prince_ribbit1
D:9:      layout_loops_ring, minmay_lair_entry_grove,
          minmay_misc_feat_more_columns, uniq_erolcha
D:10:     layout_roguey, grunt_temple_overflow_open, st_stairs_10
D:11:     layout_roguey, uniq_sonja
D:12:     layout_small_grid, david_orc_5, chequers_serial_rivers_large_b
D:14:     layout_big_octagon, grunt_vaults_entry_tiered, minmay_misc_feat_x,
          gammafunk_ghost_grave, kb_tengu_band
D:15:     grunt_enter_depths_magical_seal, layout_basic,
          nicolae_trove_entry_crossroad, gauntlet_entry_generic,
          elyvilon_altar_3, uniq_jorgrun
Temple:   oiseaux_autumnal_temple

Skill      XL: |  1  2  3  4  5  6  7  8  9 10 11 12 |
---------------+-------------------------------------+-----
Long Blades    | 4 5 6 7 8 9 11 13 14 | 14.8
Dodging        | 4 5 6 7 8 9 |  9.2
Armour         | 1 2 3 4 5 6 9 |  9.6
Fighting       | 3 4 5 6 7 9 11 | 11.7
Stealth        | 1 2 3 4 5 |  5.1
Ranged Weapons | 1 2 |  2.3
Maces & Flails | 1 2 |  2.2
Throwing       | |  2.2

Action                   |  1- 3 |  4- 6 |  7- 9 | 10-12 || total
-------------------------+-------+-------+-------+-------++-------
Melee: Long sword        |    76 |    64 |   228 |   285 ||   653
       Headbutt          |     9 |    14 |    48 |    73 ||   144
       Punch             |       |     1 |     1 |     7 ||     9
       Flail             |       |       |       |     8 ||     8
 Fire: Sling             |       |       |     2 |       ||     2
       Shortbow          |       |       |       |     4 ||     4
Invok: Lunge             |       |       |       |    10 ||    10
  Use: Scroll            |       |    11 |     8 |     4 ||    23
       Potion            |       |       |     1 |     1 ||     2
 Stab: Sleeping          |     1 |     1 |     4 |     3 ||     9
       Paralysed         |       |       |     1 |       ||     1
Armor: Leather armour    |    31 |    12 |    55 |     1 ||    99
       Ring mail         |       |       |       |    67 ||    67
Dodge: Dodged            |    76 |    43 |   182 |   191 ||   492
